cohdb
Replays
Latest Replays
All Replays
Popular Replays
Top Player Replays
Match Explorer
How It Works
Community
CoH3 Stats
Reddit
Sign in to upload your games and track your stats! →
Sign in with Steam
Match 42703212
Unlisted
Match 42703212
Overview
Messages
Build Orders
End
Vickers Machine Gun Team
Construct Section Command Post
Dingo Light Scout Car
Infantry Section
Infantry Section
Selects Canadian Shock Battlegroup
Selects Canadian Shock Battlegroup
Selects Offensive Resupply
Selects Canadian Shock Section
Canadian Shock Section
Construct Platoon Command Post
Humber Armored Car
Construct Field Infirmary
6-pounder Anti-tank Gun Team
Canadian Shock Section
Selects Incendiary Munitions
Selects Pyrotechnics
Construct Company Command Post
Matilda II Heavy Tank
Selects Smoke Operation
Matilda II Heavy Tank
Grenade Package
Smoke Operation
Matilda II Heavy Tank
Selects Churchill Crocodile Heavy Tank
Infantry Training
Smoke Operation
Churchill Crocodile Heavy Tank
Armored Vehicle Training
Royal Engineer Section
The Major General
Brother
0
0
Comments
sign in to comment!
No comments posted yet!